 Dungeon Crawl Stone Soup version 0.26.1-11-gd32895ea62 (webtiles) character file.

Game seed: 6304394539754251037

14 Tirrikindir the Ducker (level 2, -2/21 HPs)
             Began as an Octopode Fighter on June 2, 2021.
             Slain by a jackal (3 damage)
             ... on level 1 of the Dungeon.
             The game lasted 00:00:53 (239 turns).

Tirrikindir the Ducker (Octopode Fighter)            Turns: 239, Time: 00:00:54

Health: -2/21      AC:  1    Str: 15    XL:     2   Next: 41%
Magic:  2/2        EV: 11    Int: 10    God:
Gold:   5          SH:  8    Dex: 11    Spells: 1/1 levels left

rFire    . . .     SeeInvis .   a - +0 long sword
rCold    . . .     Faith    .   b - +0 kite shield
rNeg     . . .     Spirit   .   (helmet restricted)
rPois    .         Reflect  .   (no amulet)
rElec    .         Harm     .   (no ring)
rCorr    .         Rampage  .   (no ring)
Will     .....                  (no ring)
Stlth    ++........             (no ring)
HPRegen  0.07/turn              (no ring)
MPRegen  0.08/turn              (no ring)
                                (no ring)
                                (no ring)

@: no status effects
A: almost no armour, stealthy swim, amphibious, 8 rings, constrict 8, camouflage
1, gelatinous body 1
a: no special abilities


You were on level 1 of the Dungeon.
You visited 1 branch of the dungeon, and saw 1 of its levels.

You collected 5 gold pieces.

Inventory:

Hand Weapons
 a - a +0 long sword (weapon)
Armour
 b - a +0 kite shield (worn)
Potions
 c - a potion of might
 d - a potion of brilliance {unknown}
 e - a potion of attraction {unknown}
 f - a potion of curing {unknown}


   Skills:
 + Level 3.1 Fighting
 * Level 2.3 Long Blades
 + Level 3.1 Dodging
 + Level 1.1 Stealth
 + Level 3.1 Shields


You had one spell level left.
You didn't know any spells.
Your spell library was empty.

Dungeon Overview and Level Annotations

Branches:
Dungeon (1/15)

Altars:


Innate Abilities, Weirdness & Mutations

You cannot wear most types of armour.
You are very stealthy in the water. (Stealth+)
You are amphibious.
You can wear up to eight rings at the same time.
You can use your tentacles to constrict eight enemies at once.
Your skin changes colour to match your surroundings (Stealth+).
Your rubbery body absorbs attacks. (AC +1, EV +1)


Message History

The jackal bites you. You block the jackal's attack. The jackal bites you.
You block the jackal's attack. You block the jackal's attack. x2
A kobold comes into view. It is wielding a +0 dagger.
You block the jackal's attack. The jackal bites you. x2
You closely miss the jackal. Your grab misses the jackal.
Your squeeze misses the jackal. The jackal bites you. x2
The hobgoblin hits you.
You closely miss the hobgoblin. Your grab misses the hobgoblin.
You block the jackal's attack. The jackal bites you.
You block the hobgoblin's attack. The jackal closely misses you.
The jackal bites you.
You closely miss the jackal. You grab the jackal. You squeeze the jackal.
You kill the jackal!
The hobgoblin hits you. The jackal bites you.
* * * LOW HITPOINT WARNING * * *
You block the jackal's attack. The hobgoblin hits you.
* * * LOW HITPOINT WARNING * * *
The jackal bites you.
You die...

....... ...... # #....K#
...... #.#...... ......
.##.#.....###......
..........#........
.........K........
#.....†.#gr......
#.......h@.........#.# #.#
..###......##h........#.###.#
.............................
.......†...#.................
?...........................#
....#....#.#.................
... #........................
.. #....#...................
#....#..#................


You could see 2 jackals, a hobgoblin, a kobold and a rat.

Vanquished Creatures
  An adder zombie (D:1)
  A hobgoblin (D:1)
  2 jackals (D:1)
  2 kobolds (D:1)
  3 bats (D:1)
  A frilled lizard (D:1)
  A leopard gecko zombie (D:1)
  A rat (D:1)
12 creatures vanquished.

Notes
Turn   | Place    | Note
-------+----------+-------------------------------------------
     0 | D:1      | Tirrikindir the Octopode Fighter began the quest for the
                  | Orb.
     0 | D:1      | Reached XP level 1. HP: 16/16 MP: 1/1
    80 | D:1      | Reached XP level 2. HP: 21/21 MP: 2/2
   182 | D:1      | Reached skill level 1 in Stealth
   239 | D:1      | HP: 1/21 [hobgoblin (3)]
   239 | D:1      | Slain by a jackal

Illustrated notes

Levels and vault maps discovered:
D:1:      saegor_arrival_fortress, layout_basic

Skill      XL: |  1  2 |
---------------+-------+-----
Stealth        | 1 |  1.1
Fighting       | |  3.1
Long Blades    | |  2.3
Dodging        | |  3.1
Shields        | |  3.1

Action                   || total
-------------------------++-------
Melee: Long sword        ||    19
       Constrict         ||     8
       Tentacles         ||     6
  Use: Scroll            ||     1
 Stab: Sleeping          ||     3
Armor: Skin              ||     1
Dodge: Dodged            ||     9
Block: Kite shield       ||    13
       Rpst.: Long sword ||     3
